 Dungeon Crawl Stone Soup version 0.21.1-1-g345015f (webtiles) character file.

200 manyhoops the Sneak (level 5, 0/43 HPs)
             Began as a Gnoll Wanderer on Apr 2, 2018.
             Slain by an ice beast (2 damage)
             ... on level 3 of the Dungeon on Apr 6, 2018.
             The game lasted 00:06:05 (3543 turns).

manyhoops the Sneak (Gnoll Wanderer)                Turns: 3543, Time: 00:06:06

Health: 0/43       AC:  3    Str: 14    XL:     5   Next: 78%
Magic:  8/8        EV: 13    Int: 17    God:
Gold:   98         SH:  0    Dex: 13    Spells: 7/7 levels left

rFire    . . .     SeeInvis .   c - +0 spear
rCold    . . .     Gourm    .   (no shield)
rNeg     . . .     Faith    .   a - +0 leather armour
rPois    .         Spirit   .   (no helmet)
rElec    .         Reflect  .   (no cloak)
rCorr    .         Harm     .   (no gloves)
MR       +....                  (no boots)
Stlth    +++.......             (no amulet)
HPRegen  0.14/turn              k - ring of protection from magic
MPRegen  0.11/turn              (no ring)

@: lethally poisoned (0 -> -1)
A: distributed training, fangs 1, strong nose
a: no special abilities


You were on level 3 of the Dungeon.
You were not hungry.

You visited 1 branch of the dungeon, and saw 3 of its levels.
You also visited: Sewer.

You collected 98 gold pieces.

Inventory:

Hand Weapons
 c - a +0 spear (weapon)
 e - a +0 dagger
Missiles
 b - 4 throwing nets (quivered)
Armour
 a - a +0 leather armour (worn)
Jewellery
 k - a ring of protection from magic (left hand)
Scrolls
 i - a scroll of fog {unknown}
 l - 2 scrolls of fear
 m - 2 scrolls of remove curse
 q - a scroll of teleportation {unknown}
Potions
 g - a potion of flight
 p - a potion of brilliance
Comestibles
 f - 7 rations


   Skills:
 + Level 4.8 Fighting
 + Level 1.6 Short Blades
 + Level 1.6 Long Blades
 + Level 1.6 Axes
 + Level 1.6 Maces & Flails
 + Level 4.8 Polearms
 + Level 1.6 Staves
 + Level 1.6 Slings
 + Level 1.6 Bows
 + Level 1.6 Crossbows
 + Level 1.6 Throwing
 + Level 1.6 Armour
 + Level 3.0 Dodging
 + Level 6.2 Stealth
 + Level 1.6 Shields
 + Level 1.6 Unarmed Combat
 + Level 1.6 Spellcasting
 + Level 1.2 Conjurations
 + Level 1.2 Hexes
 + Level 1.2 Charms
 + Level 1.2 Summonings
 + Level 1.2 Necromancy
 + Level 1.2 Translocations
 + Level 1.2 Transmutations
 + Level 1.2 Fire Magic
 + Level 1.2 Ice Magic
 + Level 1.2 Air Magic
 + Level 1.2 Earth Magic
 + Level 1.2 Poison Magic
 + Level 1.8 Invocations
 + Level 4.8 Evocations


You had 7 spell levels left.
You didn't know any spells.

Dungeon Overview and Level Annotations

Branches:
Dungeon (3/15)

Altars:
Qazlal
Ru
Yredelemnul
Zin

Annotations:
D:3 Natasha; Serooblart's ghost, amateur MiBe; Sigmund


Innate Abilities, Weirdness & Mutations

Your experience applies equally to all skills.
You have very sharp teeth.
Your uncanny sense of smell can sniff out nearby items.


Message History

You don't have any such object.
Wield which item (- for none, * to show all)? (? for menu, Esc to quit)
Wield which item (- for none, * to show all)? (? for menu, Esc to quit)
Wield which item (- for none, * to show all)? (? for menu, Esc to quit)
Wield which item (- for none, * to show all)? (? for menu, Esc to quit)
Wield which item (- for none, * to show all)? (? for menu, Esc to quit)
Wield which item (- for none, * to show all)? (? for menu, Esc to quit)
Okay, then.
Unknown command.
Unknown command.
There are monsters nearby!
There are monsters nearby!
There are monsters nearby!
There are monsters nearby!
There are monsters nearby!
* * * LOW HITPOINT WARNING * * *
You feel sick. The ice beast misses you. The ice beast barely misses you.
The ice beast hits you.
You die...

.....g...# .._..⌠....#
..........# #....._..#
### #..."....##### #..
...........{.# #.#
.##.>#r####.#####.# #
#..#Y###.)(...#.## #
#.@..##)r###.†#.###
#..#(##†{# #.###...
#..#.##(.# ##.#.###
....#.(.(.# #.## #
#..#.####..# #.# #
#....# ...# #.# #
.....# ....#####.####
#####.#.##............
.. #.######.####


You could see an ice beast and a rat.

Vanquished Creatures
  7 adders
  2 oozes (D:2)
  3 worms
  4 dart slugs
  2 leopard geckos
  7 orcs
  9 ball pythons
  8 bats
  3 giant cockroaches
  10 hobgoblins
  8 jackals
  A quokka (D:2)
  7 frilled lizards
  8 goblins
  14 kobolds
  11 rats
104 creatures vanquished.

Notes
Turn   | Place    | Note
-------+----------+-------------------------------------------
     0 | D:1      | manyhoops the Gnoll Wanderer began the quest for the Orb.
     0 | D:1      | manyhoops set off with: a +0 leather armour, 4 throwing nets, a +0 spear, a potion of curing, a +0 dagger, a ration
     0 | D:1      | Reached XP level 1. HP: 20/20 MP: 3/3
    56 | D:1      | Reached XP level 2. HP: 22/26 MP: 5/5
   415 | D:1      | Reached XP level 3. HP: 29/31 MP: 6/6
   522 | D:1      | Reached skill level 6 in Stealth
   707 | D:2      | Reached skill level 1 in Invocations
   716 | D:2      | Reached skill level 1 in Short Blades
   716 | D:2      | Reached skill level 1 in Long Blades
   716 | D:2      | Reached skill level 1 in Axes
   716 | D:2      | Reached skill level 1 in Maces & Flails
   716 | D:2      | Reached skill level 1 in Staves
   716 | D:2      | Reached skill level 1 in Slings
   716 | D:2      | Reached skill level 1 in Bows
   716 | D:2      | Reached skill level 1 in Crossbows
   716 | D:2      | Reached skill level 1 in Throwing
   716 | D:2      | Reached skill level 1 in Armour
   716 | D:2      | Reached skill level 1 in Shields
   716 | D:2      | Reached skill level 1 in Unarmed Combat
   716 | D:2      | Reached skill level 1 in Spellcasting
   716 | D:2      | Reached XP level 4. HP: 30/38 MP: 7/7
  1022 | D:2      | Found a stormy altar of Qazlal.
  1146 | D:2      | Reached skill level 1 in Conjurations
  1146 | D:2      | Reached skill level 1 in Hexes
  1146 | D:2      | Reached skill level 1 in Charms
  1146 | D:2      | Reached skill level 1 in Summonings
  1146 | D:2      | Reached skill level 1 in Necromancy
  1146 | D:2      | Reached skill level 1 in Translocations
  1146 | D:2      | Reached skill level 1 in Transmutations
  1146 | D:2      | Reached skill level 1 in Fire Magic
  1146 | D:2      | Reached skill level 1 in Ice Magic
  1146 | D:2      | Reached skill level 1 in Air Magic
  1146 | D:2      | Reached skill level 1 in Earth Magic
  1146 | D:2      | Reached skill level 1 in Poison Magic
  1798 | D:3      | Reached XP level 5. HP: 34/43 MP: 8/8
  1870 | D:3      | HP: 1/43 [worm (11)]
  2017 | D:3      | Found a glowing drain.
  2022 | D:3      | Noticed Natasha
  2026 | Sewer    | Entered a sewer
  3125 | D:3      | Noticed Serooblart's ghost (amateur MiBe)
  3491 | D:3      | Found a basalt altar of Yredelemnul.
  3493 | D:3      | Noticed Sigmund
  3535 | D:3      | Found a sacrificial altar of Ru.
  3536 | D:3      | Noticed an ice beast
  3536 | D:3      | Found a glowing silver altar of Zin.
  3541 | D:3      | HP: 2/43 [poisoned by a kobold]
  3543 | D:3      | Slain by an ice beast

Skill      XL: |  1  2  3  4  5 |
---------------+----------------+-----
Stealth        | 6 |  6.2
Invocations    | 1 |  1.8
Short Blades   | 1 |  1.6
Long Blades    | 1 |  1.6
Axes           | 1 |  1.6
Maces & Flails | 1 |  1.6
Staves         | 1 |  1.6
Slings         | 1 |  1.6
Bows           | 1 |  1.6
Crossbows      | 1 |  1.6
Throwing       | 1 |  1.6
Armour         | 1 |  1.6
Shields        | 1 |  1.6
Unarmed Combat | 1 |  1.6
Spellcasting   | 1 |  1.6
Conjurations   | 1 |  1.2
Hexes          | 1 |  1.2
Charms         | 1 |  1.2
Summonings     | 1 |  1.2
Necromancy     | 1 |  1.2
Translocations | 1 |  1.2
Transmutations | 1 |  1.2
Fire Magic     | 1 |  1.2
Ice Magic      | 1 |  1.2
Air Magic      | 1 |  1.2
Earth Magic    | 1 |  1.2
Poison Magic   | 1 |  1.2
Dodging        | 3 |  3.0
Fighting       | |  4.8
Polearms       | |  4.8
Evocations     | |  4.8

Action                   |  1- 3 |  4- 6 || total
-------------------------+-------+-------++-------
Melee: Spear             |   138 |   340 ||   478
       Bite              |     8 |    22 ||    30
       Punch             |       |     1 ||     1
  Use: Scroll            |     3 |     3 ||     6
       Potion            |     3 |     9 ||    12
 Stab: Sleeping          |     6 |     9 ||    15
  Eat: Chunk             |       |     9 ||     9
Armor: Leather armour    |    24 |    48 ||    72
Dodge: Dodged            |    63 |   206 ||   269
